 Dungeon Crawl Stone Soup version 0.24-a0-309-g1095bca (webtiles) character file.

Game seed: 11110696867241738162

104 galech the Skirmisher (level 4, -1/35 HPs)
             Began as a Demonspawn Fighter on May 14, 2019.
             Slain by a gnoll
             ... wielding a +0 spear
              (4 damage)
             ... on level 2 of the Dungeon.
             The game lasted 00:01:30 (1487 turns).

galech the Skirmisher (Demonspawn Fighter)          Turns: 1487, Time: 00:01:32

Health: -1/35      AC:  9    Str: 17    XL:     4   Next: 52%
Magic:  4/4        EV:  5    Int:  9    God:
Gold:   110        SH:  9    Dex: 13    Spells: 3/3 levels left

rFire    . . .     SeeInvis .   a - +0 war axe
rCold    . . .     Gourm    .   c - +0 shield
rNeg     . . .     Faith    .   l - +0 chain mail
rPois    .         Spirit   .   (no helmet)
rElec    .         Reflect  .   (no cloak)
rCorr    .         Harm     .   (no gloves)
MR       .....                  (no boots)
Stlth    ..........             (no amulet)
HPRegen  0.11/turn              (no ring)
MPRegen  0.09/turn              (no ring)

@: no status effects
A: hooves 1
a: no special abilities


You were on level 2 of the Dungeon.
You were not hungry.

You visited 1 branch of the dungeon, and saw 2 of its levels.

You collected 110 gold pieces.

Inventory:

Hand Weapons
 a - a +0 war axe (weapon)
Armour
 b - a +0 scale mail
 c - a +0 shield (worn)
 l - a +0 chain mail (worn)
Scrolls
 g - a scroll of identify {unknown}
 h - a scroll of fog {unknown}
 i - a scroll of magic mapping {unknown}
 k - a scroll of remove curse {unknown}
 n - a scroll of random uselessness {unknown}
Potions
 d - a potion of might
 e - 2 potions of degeneration {unknown}
 j - a potion of heal wounds {unknown}
 m - a potion of haste {unknown}
Comestibles
 f - 5 rations


   Skills:
 + Level 3.4 Fighting
 + Level 2.8 Axes
 + Level 3.2 Armour
 + Level 0.7 Dodging
 + Level 3.3 Shields


You had 3 spell levels left.
You didn't know any spells.
Your spell library was empty.

Dungeon Overview and Level Annotations

Branches:
Dungeon (2/15)

Altars:


Innate Abilities, Weirdness & Mutations

You have large cloven feet.


Message History

The gnoll hits you from afar with a +0 spear.
The adder barely misses you. You block the gnoll's attack.
You block the adder's attack. You block the gnoll's attack.
Unknown command.
You miss the adder. You kick the adder.
You kill the adder!
You hit the gnoll. The gnoll hits you with a +0 club.
The gnoll hits you but does no damage. The gnoll hits you with a +0 club.
The gnoll hits you with a +0 spear!
* * * LOW HITPOINT WARNING * * *
You see here an adder corpse.
You barely miss the gnoll. You kick the gnoll.
The gnoll is moderately wounded.
You hit the gnoll.
You kill the gnoll!
The gnoll hits you but does no damage.
You hit the gnoll but do no damage.
The gnoll is moderately wounded.
The gnoll hits you but does no damage. The gnoll hits you with a +0 spear.
You die...

#..##†#..###
#..........#
#..###.....#
#..# #.....#
##########..#
#.....#
#......#....#
#.....#
#......#.##.#
#.....#
#...>.)..##.#
.....#
#.....@####..
#....g.# ##.#
#....... ..
#......## ...
#......#
#......#
#......#
########


You could see a gnoll.

Vanquished Creatures
  2 adders (D:2)
  3 gnolls (D:2)
  2 worms (D:2)
  2 dart slugs
  2 leopard geckos
  3 giant cockroaches
  2 goblins (D:1)
  6 hobgoblins
  3 jackals (D:1)
  4 kobolds
  A ball python (D:2)
  4 bats (D:1)
  5 frilled lizards (D:1)
  8 rats
47 creatures vanquished.

Notes
Turn   | Place    | Note
-------+----------+-------------------------------------------
     0 | D:1      | galech the Demonspawn Fighter began the quest for the Orb.
     0 | D:1      | Reached XP level 1. HP: 18/18 MP: 1/1
   193 | D:1      | Gained mutation: You have large cloven feet. [demonic
                  | ancestry]
   193 | D:1      | Reached XP level 2. HP: 14/24 MP: 2/2
   202 | D:1      | HP: 1/24 [kobold/+0 short sword (6)]
   853 | D:1      | Reached XP level 3. HP: 20/29 MP: 3/3
  1479 | D:2      | Reached XP level 4. HP: 21/35 MP: 4/4
  1487 | D:2      | Slain by a gnoll

Levels and vault maps discovered:
D:1:      psy_arrival_conway, layout_loops_cross
D:2:      layout_rooms, first_ration, elyvilon_altar_5, uniq_sigmund

Skill      XL: |  1  2 |
---------------+-------+-----
Shields        | 3 |  3.3
Axes           | 2 |  2.8
Armour         | 3 |  3.2
Fighting       | |  3.4
Dodging        | |  0.7

Action                   |  1- 3 |  4- 6 || total
-------------------------+-------+-------++-------
Melee: War axe           |   125 |     7 ||   132
       Kick              |    16 |     4 ||    20
  Eat: Chunk             |     2 |       ||     2
Armor: Scale mail        |    69 |       ||    69
       Chain mail        |    13 |    11 ||    24
Dodge: Dodged            |    32 |     5 ||    37
Block: Shield            |    79 |     9 ||    88

Table legend:
 A = Non-vault XP
 B = Vault XP
 C = Vault XP percentage of total XP
 D = Non-vault monster count
 E = Vault monster count
 F = Vault count percentage of total count
                 A         B        C        D         E       F
            +---------+---------+-------+---------+---------+-------
      Total |     149 |       0 |   0.0 |      47 |       0 |   0.0
            +---------+---------+-------+---------+---------+-------
        D:1 |      46 |       0 |   0.0 |      28 |       0 |   0.0
        D:2 |     103 |       0 |   0.0 |      19 |       0 |   0.0
            +---------+---------+-------+---------+---------+-------
